AoeStats
← marco.ulrich

Lombardia

510171424Analyzed
3v3 RM · 1d ago on Sep 29, 2026· 50m 4s· 6 players
Game mode
Random Map
Map size
Normal (6 player)
Population
200
Speed
Normal
Resources
Standard
Victory
Conquest
Starting age
Dark Age
Ending age
Imperial Age
RankedLock teamsTeams togetherTeam positionsShared explorationLock speedFull tech treeHidden civsTurbo modeCheats
Victory
Defeat
🇩🇪 Byzantines · Germany
899
+12
🇩🇪 Varangians · Germany
871
+13
🇩🇪 Teutons · Germany
778
+18
🇮🇹 Teutons · Italy
818
-15
🇮🇹 Vietnamese · Italy
809
-14
🇮🇹 Franks · Italy
797
-14
andrealvt
2:03 Loom
11:47 Feudal Age
12:17 Double-Bit Axe
17:34 Castle Age
16:53 Forging
18:58 Bow Saw
20:08 Wheelbarrow
22:05 Town Watch
21:54 Pikeman
23:53 Horse Collar
24:55 Gold Mining
24:56 Stone Mining
26:57 Stone Shaft Mining
27:06 Heavy Plow
28:09 Hand Cart
31:38 Padded Archer Armor
31:28 Fletching
32:55 Scale Mail Armor
33:04 Squires
33:35 Elite Skirmisher
37:44 Chatras
40:18 Imperial Age
39:42 Caravan
41:16 Leather Archer Armor
40:57 Bodkin Arrow
41:18 Chain Mail Armor
41:41 Iron Casting
41:55 Scale Barding Armor
42:00 Imperial Skirmisher
46:03 Plate Mail Armor
46:04 Ring Archer Armor
45:36 Bracer
45:03 Halberdier
47:47 Chain Barding Armor
49:09 Elite Battle Elephant
49:50 Husbandry
49:32 Man-at-Arms
sky_mt74
2:55 Loom
10:35 Feudal Age
11:18 Double-Bit Axe
12:31 Horse Collar
19:51 Castle Age
21:24 Bow Saw
21:20 Heavy Plow
22:33 Wheelbarrow
24:55 Stone Mining
26:56 Hand Cart
28:44 Bloodlines
28:41 Scale Mail Armor
28:52 Forging
28:47 Scale Barding Armor
30:03 Stone Shaft Mining
29:18 Gold Mining
29:42 Pikeman
30:22 Squires
34:44 Town Watch
35:29 Chain Mail Armor
35:35 Chain Barding Armor
35:51 Iron Casting
35:47 Town Patrol
40:58 Imperial Age
40:50 Padded Archer Armor
40:41 Fletching
40:53 Crossbowman
41:13 Cavalier
42:57 Two-Man Saw
43:08 Paladin
43:14 Halberdier
43:40 Arson
46:12 Paladin
47:31 Crop Rotation
48:21 Plate Barding Armor
48:17 Plate Mail Armor
48:47 Blast Furnace
stefano.franchin12
11:41 Feudal Age
12:19 Double-Bit Axe
17:09 Forging
23:03 Castle Age
21:34 Stone Mining
24:19 Bow Saw
25:57 Wheelbarrow
25:36 Gold Mining
33:09 Gold Shaft Mining
33:59 Light Cavalry
34:47 Husbandry
35:34 Hand Cart
40:37 Imperial Age
37:40 Pikeman
39:21 Iron Casting
38:38 Ordonnance Companies
39:59 Caravan
40:46 Scale Barding Armor
43:49 Blast Furnace
44:03 Cavalier
47:19 Fletching
49:27 Conscription
marco.ulrich
12:50 Feudal Age
16:31 Castle Age
15:35 Double-Bit Axe
15:33 Horse Collar
17:14 Loom
17:42 Pikeman
18:24 Squires
19:14 Wheelbarrow
20:10 Heavy Plow
26:32 Husbandry
28:46 Forging
28:48 Scale Barding Armor
29:21 Bow Saw
34:56 Imperial Age
32:59 Hand Cart
33:53 Chain Barding Armor
33:25 Fletching
33:37 Gold Mining
35:54 Iron Casting
36:15 Logistica
37:46 Crop Rotation
39:54 Plate Barding Armor
39:40 Elite Cataphract
42:27 Chemistry
42:11 Gold Shaft Mining
45:28 Bodkin Arrow
MarcusMaximus
12:46 Feudal Age
17:48 Castle Age
15:46 Double-Bit Axe
15:53 Stone Mining
16:06 Horse Collar
17:04 Loom
19:17 Town Watch
21:25 Gold Mining
21:43 Heavy Plow
21:55 Bow Saw
25:52 Bloodlines
26:37 Scale Barding Armor
26:36 Husbandry
27:17 Scale Barding Armor
27:35 Forging
29:02 Wheelbarrow
34:05 Imperial Age
33:06 Squires
32:53 Gambesons
33:10 Scale Mail Armor
33:46 Iron Casting
34:35 Hand Cart
34:38 Chain Mail Armor
34:11 Gothikon
35:12 Conscription
36:22 Two-Man Saw
36:54 Elite Varangian Guard
40:21 Plate Mail Armor
40:52 Blast Furnace
41:29 Blast Furnace
40:38 Arson
Chrizzlybär
15:58 Feudal Age
17:30 Loom
26:05 Castle Age
24:18 Double-Bit Axe
24:25 Horse Collar
27:39 Scale Mail Armor
27:57 Forging
30:39 Bow Saw
35:54 Pikeman
36:35 Squires
36:22 Arson
Connection lost

Rejoining the realm…

Still unreachable

The connection could not be restored.

Session expired

The server has moved on; the page needs a fresh start.